Map: Orbital Shipyard

Players

BogChocolate

  • Race: Protoss Protoss

Beckmann - Winner!

  • Race: Protoss Protoss

VOD

Have the link to the VOD?

Description

Time

  • Played on: Sept. 6, 2015, 5:47 p.m.
  • Length: 28:24
Show
View Real Time Build Order
Export as new Build Order

BogChocolate Protoss 

Build Orders: 1 Gate Expand 

Get SALT Encoding   

  12  0:01  Probe (Chrono Boost)  
  13  0:14  Probe (Chrono Boost)  
  14  0:25  Pylon  
  14  0:40  Probe (Chrono Boost)  
  15  0:50  Gateway  
  15  0:51  Probe (Chrono Boost)  
  16  1:01  Probe (Chrono Boost)  
  17  1:19  Probe (Chrono Boost)  
  17  1:23  Nexus  
  18  1:29  Probe (Chrono Boost)  
  19  1:39  Probe (Chrono Boost)  
  19  1:47  Assimilator  
  19  1:52  Probe (Chrono Boost)  
  20  1:57  Zealot  
  22  2:06  Cybernetics Core  
  22  2:30  Gateway  
  22  2:31  Gateway  
  22  2:38  Probe x2 (Chrono Boost)  
  24  2:48  Probe x2 (Chrono Boost)  
  26  2:53  Gateway  
  26  2:58  Probe x2 (Chrono Boost), Pylon  
  28  3:16  Warp Gate (Chrono Boost)  
  28  3:25  Robotics Facility  
  28  3:36  Assimilator  
  28  3:48  Probe (Chrono Boost)  
  29  3:58  Probe (Chrono Boost)  
  29  3:59  Probe (Chrono Boost)  
  31  4:08  Probe  
  31  4:09  Probe  
  32  4:10  Adept x3  
  32  4:11  Adept  
  41  4:20  Observer  
  41  4:21  Probe  
  41  4:22  Probe  
  44  4:32  Probe  
  44  4:33  Probe  
  44  4:37  Pylon  
  46  4:41  Pylon  
  46  4:45  Pylon  
  46  4:51  Pylon  
  46  4:53  Probe  
  46  4:55  Probe  
  46  4:57  Immortal  
  52  5:03  Probe  
  52  5:07  Probe, Assimilator  
  53  5:11  Assimilator  
  54  5:19  Probe  
  54  5:20  Pylon  
  55  5:45  Immortal  
  59  5:52  Pylon  
  59  5:55  Mothership Core  
  61  6:09  Stalker x4  
  69  6:37  Immortal  
  73  6:40  Zealot  
  73  6:41  Zealot x2  
  73  6:42  Zealot  
  73  6:44  Nexus  
  81  6:49  Gateway  
  81  6:50  Gateway x2  
  81  6:51  Gateway  
  81  7:17  Immortal  
  85  7:27  Forge  
  85  7:29  Forge  
  80  7:47  Zealot x3  
  80  7:48  Zealot  
  84  7:56  Immortal  
  84  8:08  Stalker x2  
  84  8:09  Stalker x2  
  92  8:17  Probe  
  92  8:18  Probe  
  94  8:27  Probe  
  94  8:29  Photon Cannon  
  94  8:31  Probe  
  96  8:35  Immortal  
  96  8:37  Probe  
  96  8:40  Pylon  
  101  8:43  Probe, Photon Cannon  
  101  8:45  Zealot  
  101  8:46  Zealot x2  
  101  8:47  Probe  
  109  8:57  Probe  
  109  8:58  Probe  
  111  9:10  Probe  
  112  9:17  Stalker x2  
  116  9:26  Pylon  
  116  9:27  Pylon  
  116  9:30  Pylon  
  116  9:34  Pylon  
  116  9:36  Photon Cannon  
  116  9:48  Pylon  
  116  9:56  Stalker  
  116  9:57  Stalker x4  
  116  9:58  Stalker x2  
  130  10:04  Protoss Ground Armor Level 1  
  130  10:06  Protoss Ground Weapons Level 1  
  130  10:08  Probe  
  130  10:09  Probe  
  130  10:10  Probe  
  133  10:18  Probe  
  133  10:19  Photon Cannon  
  134  10:22  Probe  
  73  11:09  Stalker x5  
  73  11:10  Stalker x3  
Show
View Real Time Build Order
Export as new Build Order

Beckmann Protoss - Winner!

Build Orders:  

Get SALT Encoding   

  12  0:00  Probe (Chrono Boost)  
  13  0:14  Pylon  
  13  0:21  Probe (Chrono Boost)  
  14  0:33  Gateway  
  14  0:34  Probe (Chrono Boost)  
  15  0:44  Probe (Chrono Boost)  
  16  0:55  Probe (Chrono Boost), Assimilator  
  17  1:00  Assimilator  
  17  1:05  Probe (Chrono Boost)  
  18  1:17  Probe (Chrono Boost)  
  19  1:20  Zealot  
  21  1:42  Probe (Chrono Boost)  
  22  1:47  Nexus  
  22  2:12  Pylon  
  22  2:28  Probe (Chrono Boost)  
  23  2:30  Zealot  
  25  2:38  Cybernetics Core, Probe (Chrono Boost)  
  26  2:49  Probe (Chrono Boost)  
  26  2:55  Forge  
  26  2:59  Probe (Chrono Boost)  
  26  3:00  Probe (Chrono Boost)  
  28  3:09  Probe (Chrono Boost)  
  28  3:10  Probe (Chrono Boost)  
  30  3:13  Nexus  
  30  3:20  Probe (Chrono Boost), Pylon  
  30  3:25  Adept  
  33  3:27  Warp Gate  
  33  3:30  Probe x2 (Chrono Boost)  
  35  3:40  Probe x2 (Chrono Boost)  
  35  3:41  Assimilator  
  37  3:50  Probe (Chrono Boost)  
  37  3:54  Pylon  
  38  3:58  Pylon  
  38  4:08  Pylon  
  38  4:10  Gateway  
  38  4:15  Probe (Chrono Boost)  
  39  4:17  Probe (Chrono Boost)  
  39  4:23  Assimilator  
  40  4:25  Probe (Chrono Boost)  
  40  4:27  Probe x2 (Chrono Boost)  
  45  4:31  Zealot  
  45  4:35  Probe (Chrono Boost)  
  45  4:37  Probe x2 (Chrono Boost)  
  48  4:45  Probe (Chrono Boost)  
  49  4:47  Probe x2 (Chrono Boost)  
  49  4:49  Stargate  
  51  4:53  Robotics Facility  
  51  4:56  Twilight Council  
  51  4:57  Probe (Chrono Boost)  
  52  5:00  Zealot  
  54  5:07  Probe (Chrono Boost)  
  54  5:08  Probe (Chrono Boost)  
  54  5:12  Probe (Chrono Boost)  
  57  5:18  Probe x2 (Chrono Boost)  
  59  5:22  Probe (Chrono Boost)  
  59  5:27  Stalker  
  59  5:28  Probe x2 (Chrono Boost)  
  63  5:32  Probe (Chrono Boost)  
  63  5:33  Pylon  
  65  5:36  Oracle  
  65  5:37  Pylon, Charge (Chrono Boost)  
  65  5:38  Probe x2 (Chrono Boost)  
  70  5:42  Probe (Chrono Boost)  
  70  5:46  Gateway  
  71  5:50  Gateway  
  71  5:57  Stalker  
  71  5:58  Templar Archives  
  71  6:02  Protoss Ground Weapons Level 1  
  71  6:04  Zealot  
  75  6:12  Observer  
  76  6:32  Gateway x2  
  76  6:35  Gateway  
  76  6:37  Gateway  
  76  6:38  Nexus  
  76  6:41  High Templar  
  76  6:42  Stargate  
  76  6:45  Stargate  
  76  6:46  Assimilator  
  78  6:52  Psionic Storm, Assimilator  
  78  7:11  Warp Prism  
  80  8:07  Void Ray x2  
  80  8:08  Void Ray  
  92  8:19  Dark Shrine  
  92  8:23  Probe  
  93  8:29  Assimilator  
  93  8:32  Probe  
  93  8:33  Probe, Assimilator  
  94  8:36  High Templar x2  
  94  8:39  Zealot  
  94  8:40  Zealot x4  
  94  8:41  Zealot  
  111  8:43  Probe  
  109  8:50  Void Ray  
  109  8:53  Probe  
  112  8:57  Void Ray  
  112  8:58  Void Ray  
  121  9:03  Probe  
  121  9:06  Pylon  
  121  9:08  Pylon  
  122  9:10  Pylon  
  122  9:12  Pylon  
  122  9:13  Pylon  
  122  9:14  Adept  
  124  9:22  Probe  
  124  9:24  Probe  
  126  9:58  Void Ray x3  
  138  10:01  Dark Templar x2  
  138  10:02  Dark Templar  
  144  10:17  Robotics Bay  
  144  10:26  Zealot x3  
  144  10:27  Zealot x2  
  154  10:41  Void Ray  
  136  11:18  Zealot  
  136  11:19  Zealot x5  
  136  11:20  Zealot x2  
  152  11:47  Probe  
  153  11:57  Probe  
  154  12:07  Probe  
  155  12:17  Probe  
  155  12:18  Pylon  
  156  12:24  Pylon  
  156  12:25  Pylon  
  156  12:27  Gateway, Pylon  
  156  12:28  Probe  
  157  12:54  Zealot x3  
  157  12:55  Zealot x4  
  157  12:56  Zealot  
  173  13:16  Zealot  
  173  13:17  Zealot x5  
  173  13:18  Zealot x2  
  185  13:49  Zealot  
  185  13:50  Zealot x4  
  195  15:04  Protoss Ground Armor Level 1  
  195  15:39  Pylon  
  195  17:10  Protoss Ground Armor Level 2  
  195  17:39  Forge  
  195  17:40  Extended Thermal Lance, Forge  
  195  27:00  Dark Templar x2  
Tags
 
Add a new tag
Caveats
  • Supply blocks, unpowered buildings, or Contaminate may cause inaccurate times.
  • Supply counts are checked every 10 seconds.